[Event "Titled Tuesday Blitz May 30 Early 2023"]
[White "Abdilkhair, Abilmansur"]
[Black "Sharapov, Evgeny"]
[WhiteFideId "13716417"]
[BlackFideId "14103133"]
[WhiteElo "2215"]
[BlackElo "2367"]
[Result "1-0"]
[Round "08"]
[TimeControl "180+2"]
[Date "2023.05.30"]
[WhiteClock "0:01:05"]
[BlackClock "0:01:13"]

1. Nf3 c5 2. g3 Nc6 3. Bg2 e5 4. O-O g6 5. d3 Bg7 6. c4 Nge7 7. Nc3 d6 8. Bg5 O-O 9. Qd2 f6 10. Bh6 Be6 11. Bxg7 Kxg7 12. h4 h5 13. a3 a5 14. Rab1 d5 15. cxd5 Nxd5 16. Ne4 b6 17. Rfc1 Nd4 18. Nxd4 exd4 19. b4 axb4 20. axb4 Nxb4 21. Nxc5 bxc5 22. Bxa8 Qxa8 23. Rxc5 Nd5 24. Qa5 Qxa5 25. Rxa5 Nc3 26. Rb7+ Rf7 27. Rxf7+ Kxf7 28. e3 dxe3 29. fxe3 f5 30. Kf2 Kf6 31. Rc5 Nd5 32. e4 fxe4 33. dxe4 Nb6 34. Kf3 Nd7 35. Ra5 Ne5+ 36. Kf4 Nd3+ 37. Ke3 Ne5 38. Kf4 Nd3+ 39. Ke3 Ne5 40. Ra6 Nc4+ 41. Kf4 Ne5 42. Rd6 Nf7 43. Rc6 Ne5 44. Rc3 Bf7 45. Ke3 Be6 46. Kd4 Bf7 47. Kc5 Ke6 48. Ra3 Nf3 49. Rxf3 1-0


[Site "https://www.chess.com"]

[Event "Titled Tuesday Blitz May 30 Early 2023"]
[White "Jovic, Stanoje"]
[Black "Golubev, Mikhail"]
[WhiteFideId "905020"]
[BlackFideId "14100983"]
[WhiteElo "2236"]
[BlackElo "2374"]
[Result "1/2-1/2"]
[Round "08"]
[TimeControl "180+2"]
[Date "2023.05.30"]
[WhiteClock "0:01:23"]
[BlackClock "0:00:37"]

1. c4 g6 2. g3 Bg7 3. Bg2 e5 4. Nc3 Nc6 5. Nf3 d6 6. d3 f5 7. Rb1 a5 8. a3 h6 9. O-O g5 10. Nd5 Nce7 11. e4 f4 12. d4 g4 13. Nh4 f3 14. Bxf3 gxf3 15. Qxf3 exd4 16. Qh5+ Kf8 17. f4 c6 18. Nxe7 Nxe7 19. f5 Bf6 20. Bxh6+ Kg8 21. Qg4+ Kf7 22. Qh5+ Kg8 23. Qg4+ Kf7 24. Qh5+ Kg8 1/2-1/2


[Site "https://www.chess.com"]

[Event "Titled Tuesday Blitz May 30 Early 2023"]
[White "Belov, Alexei"]
[Black "Srebrnic, Marko"]
[WhiteFideId "4128206"]
[BlackFideId "14603616"]
[WhiteElo "2540"]
[BlackElo "2341"]
[Result "0-1"]
[Round "08"]
[TimeControl "180+2"]
[Date "2023.05.30"]
[WhiteClock "0:00:14"]
[BlackClock "0:00:16"]

1. e4 c5 2. Nf3 Nc6 3. d4 cxd4 4. Nxd4 e5 5. Nb5 d6 6. Bc4 Be6 7. Bd5 Nf6 8. Bg5 a6 9. Bxf6 gxf6 10. N5c3 Nd4 11. O-O h5 12. Nd2 h4 13. Nb3 Nxb3 14. axb3 Qc7 15. Qf3 Be7 16. Rfd1 O-O-O 17. b4 h3 18. g3 Rhg8 19. Bxe6+ fxe6 20. b5 Qb6 21. bxa6 bxa6 22. Ra3 Rd7 23. Qd3 Ra7 24. Na4 Qb5 25. c4 Qc6 26. b4 f5 27. Nc3 fxe4 28. Nxe4 d5 29. cxd5 Qxd5 30. Qc2+ Rc7 31. Rc3 Qb7 32. Rxc7+ Qxc7 33. Qb3 Qc6 34. Qe3 Bg5 35. Qd3 Rd8 36. Nd6+ Rxd6 0-1


[Site "https://www.chess.com"]

[Event "Titled Tuesday Blitz May 30 Early 2023"]
[White "Szyszylo, Rafal"]
[Black "Do Nascimento,Christian Almeida"]
[WhiteFideId "1109626"]
[BlackFideId "2143801"]
[WhiteElo "1951"]
[BlackElo "2118"]
[Result "0-1"]
[Round "08"]
[TimeControl "180+2"]
[Date "2023.05.30"]
[WhiteClock "0:00:07"]
[BlackClock "0:00:16"]

1. e4 c5 2. Nc3 g6 3. d4 cxd4 4. Qxd4 Nf6 5. Nf3 Nc6 6. Qa4 d6 7. e5 dxe5 8. Nxe5 Bd7 9. Nxd7 Qxd7 10. Be3 Bg7 11. Rd1 Qc8 12. Be2 O-O 13. Bf3 Ne5 14. Be2 Neg4 15. Bf4 e5 16. Bg3 Re8 17. h3 Nh6 18. O-O Nf5 19. Bh2 Nd4 20. Bc4 a6 21. Bb3 b5 22. Qa5 Nd7 23. Nd5 Qd8 24. Qd2 Nc5 25. c3 Ncxb3 26. axb3 Qxd5 27. cxd4 exd4 28. Qd3 Qe4 29. f3 Qe3+ 30. Kh1 Qxd3 31. Rxd3 Re2 32. Rb1 Rc8 33. Bg1 Rcc2 34. g4 Be5 35. f4 Bxf4 36. Rxd4 Be5 37. Rd8+ Kg7 38. Re8 f5 39. gxf5 gxf5 40. Rf1 Kf6 41. Rf8+ Ke6 42. R8xf5 Bxb2 43. R5f2 Rxf2 44. Rxf2 Rxf2 45. Bxf2 a5 46. Kg2 a4 47. bxa4 bxa4 48. Bc5 Kd5 49. Be7 Kc4 50. Kf3 Bc3 51. Kg4 Bb4 52. Bf6 a3 53. Kh5 Bc3 54. Bxc3 Kxc3 55. Kh6 a2 56. Kxh7 a1=Q 57. h4 Qh1 58. h5 Qxh5+ 59. Kg7 Qf5 60. Kg8 Qd7 61. Kf8 Kd4 62. Kg8 Ke5 63. Kf8 Kf6 64. Kg8 Qg7# 0-1


[Site "https://www.chess.com"]

[Event "Titled Tuesday Blitz May 30 Early 2023"]
[White "Kovalevsky, Stanislav"]
[Black "Shvedova, Alexandra"]
[WhiteFideId "13508598"]
[BlackFideId "54154782"]
[WhiteElo "2174"]
[BlackElo "1973"]
[Result "0-1"]
[Round "08"]
[TimeControl "180+2"]
[Date "2023.05.30"]
[WhiteClock "0:00:05"]
[BlackClock "0:00:12"]

1. c4 Nf6 2. Nc3 e5 3. g3 c6 4. e4 Bb4 5. Bg2 O-O 6. Qe2 Re8 7. Nf3 d5 8. cxd5 cxd5 9. Nxd5 Nxd5 10. exd5 Qxd5 11. O-O e4 12. Ne1 Bd7 13. Nc2 Bc5 14. a4 Nc6 15. Re1 f5 16. Bf1 Kh8 17. Qc4 Qxc4 18. Bxc4 Ne5 19. Be2 a5 20. b3 Bc6 21. Bb2 Rad8 22. Bc3 b6 23. Ne3 Bd7 24. Kg2 f4 25. gxf4 Ng6 26. Kg3 Bd6 27. Ng2 Rf8 28. Rad1 Nxf4 29. Nxf4 Rxf4 30. Kg2 Rdf8 31. Bd4 Bc6 32. Be3 R4f6 33. Kh1 Bc5 34. Rg1 Rxf2 35. Bxf2 e3+ 36. Rg2 exf2 37. Bf1 Re8 38. d4 Re1 39. d5 Bxd5 40. Rxe1 fxe1=Q 41. b4 Qxf1# 0-1


[Site "https://www.chess.com"]

[Event "Titled Tuesday Blitz May 30 Early 2023"]
[White "ChawitAp"]
[Black "Staudenhocker43"]
[WhiteElo "2415"]
[BlackElo "2524"]
[Result "1-0"]
[Round "08"]
[TimeControl "180+2"]
[Date "2023.05.30"]
[WhiteClock "0:00:07"]
[BlackClock "0:00:06"]

1. d4 Nf6 2. Nf3 d5 3. c3 c5 4. dxc5 e6 5. b4 a5 6. a4 axb4 7. cxb4 b6 8. e3 bxc5 9. Bb5+ Nbd7 10. bxc5 Bxc5 11. Ba3 Bxa3 12. Nxa3 O-O 13. O-O Ba6 14. Nd4 Bxb5 15. Naxb5 Nc5 16. Qc2 Nfd7 17. Rfc1 Qb6 18. Rcb1 h6 19. h3 Rfc8 20. Qd1 Ne4 21. Rc1 Ne5 22. Rxc8+ Rxc8 23. a5 Qa6 24. Qb3 Nc4 25. Qb4 Rb8 26. Nc7 Qc8 27. Ndb5 Qxc7 28. Nxc7 Rxb4 29. a6 Nb6 30. a7 g5 31. Ra6 Rb1+ 32. Kh2 Nxf2 33. Rxb6 Rxb6 34. a8=Q+ Kg7 35. Ne8+ Kg6 36. Qd8 Rb2 37. Qf6+ Kh7 38. Qxb2 1-0


[Site "https://www.chess.com"]

[Event "Titled Tuesday Blitz May 30 Early 2023"]
[White "Lehtosaari, Mauri"]
[Black "Mazurkiewicz, Michal"]
[WhiteFideId "501999"]
[BlackFideId "1124943"]
[WhiteElo "2519"]
[BlackElo "2054"]
[Result "0-1"]
[Round "08"]
[TimeControl "180+2"]
[Date "2023.05.30"]
[WhiteClock "0:00:00"]
[BlackClock "0:00:03"]

1. d4 Nf6 2. Nf3 g6 3. Bg5 Bg7 4. Nbd2 d5 5. e3 O-O 6. Be2 c6 7. O-O Bf5 8. c4 Qb6 9. Qb3 Nbd7 10. c5 Qxb3 11. axb3 a6 12. b4 Rae8 13. Bf4 Nh5 14. Bc7 Rc8 15. Bf4 f6 16. Nh4 Nxf4 17. exf4 Be6 18. Bd3 Bf7 19. f5 Bh6 20. Nb3 Bg5 21. Nf3 gxf5 22. Bxf5 e6 23. Nxg5 fxg5 24. Bh3 Nf6 25. g3 g4 26. Bg2 Bg6 27. Rfe1 Rfe8 28. h3 Bf5 29. hxg4 Nxg4 30. f4 Nf6 31. Nd2 Rc7 32. Nf3 Rg7 33. Kh2 Ne4 34. Nh4 Nxg3 35. Nxf5 Nxf5 36. Bh3 Nxd4 37. Ra3 Kh8 38. Rae3 Rge7 39. f5 Nc2 40. f6 Nxe3 41. fxe7 Nf5 42. Bxf5 exf5 43. Kg3 Kg7 44. Kf4 Kf6 45. Re5 Rxe7 46. Rxf5+ Kg7 47. Rg5+ Kf7 48. Rf5+ Ke8 49. Rg5 Re4+ 50. Kf5 Rxb4 51. Rg2 Re4 52. Rg7 Re7 53. Rg8+ Kd7 54. Kf6 Re8 55. Rg7+ Kc8 56. Rxh7 Re2 57. b4 Re4 58. Rh8+ Kc7 59. Rh7+ Kb8 60. Kf5 Rxb4 61. Ke5 Ka7 62. Kd6 a5 63. Rh1 a4 64. Kc7 Ka6 65. Kd6 a3 66. Ra1 Ra4 67. Kc7 a2 68. Kd6 d4 69. Kc7 d3 70. Kb8 d2 71. Ka8 d1=R 72. Rxd1 a1=Q 73. Rd8 Qf6 74. Rb8 Kb5+ 75. Kxb7 Qe7+ 76. Kc8+ Kc4 77. Rb4+ Kxb4 0-1


[Site "https://www.chess.com"]

[Event "Titled Tuesday Blitz May 30 Early 2023"]
[White "Harriott, Tyrell"]
[Black "Baches Garcia, Guillermo"]
[WhiteFideId "2086484"]
[BlackFideId "2209764"]
[WhiteElo "2107"]
[BlackElo "2515"]
[Result "1-0"]
[Round "08"]
[TimeControl "180+2"]
[Date "2023.05.30"]
[WhiteClock "0:01:20"]
[BlackClock "0:00:00"]

1. d4 d5 2. e3 c5 3. c3 cxd4 4. exd4 Nc6 5. f4 Bf5 6. Ne2 e6 7. Ng3 Bg6 8. Be2 Nge7 9. O-O Nf5 10. Nh1 Nd6 11. Nd2 Qc7 12. Nf2 O-O-O 13. Bf3 h5 14. Qe2 h4 15. h3 Nf5 16. Re1 Bd6 17. Nb3 Ng3 18. Qd2 Kb8 19. Ng4 Bf5 20. Ne5 f6 21. Nd3 Rhe8 22. Ndc5 e5 23. fxe5 fxe5 24. Bxd5 Bxc5 25. dxc5 e4 26. c4 Ne5 27. Qg5 Nd3 28. Be3 Ka8 29. Qxh4 Nxe1 30. Rxe1 g5 31. Bxg5 Rh8 32. Bxd8 Qxd8 33. Qxg3 1-0


[Site "https://www.chess.com"]

[Event "Titled Tuesday Blitz May 30 Early 2023"]
[White "Gurevich, Dmitry"]
[Black "hakanazeri2"]
[WhiteFideId "2000407"]
[WhiteElo "2506"]
[BlackElo "2513"]
[Result "0-1"]
[Round "08"]
[TimeControl "180+2"]
[Date "2023.05.30"]
[WhiteClock "0:00:00"]
[BlackClock "0:00:06"]

1. d4 Nf6 2. c4 e6 3. Nf3 d5 4. Nc3 Bb4 5. e3 O-O 6. Bd3 c5 7. cxd5 exd5 8. a3 Bxc3+ 9. bxc3 c4 10. Bc2 Ne4 11. Bxe4 dxe4 12. Nd2 Qd5 13. a4 Nc6 14. O-O Re8 15. Rb1 b6 16. Rb5 Qd7 17. Nxc4 Ba6 18. Qh5 g6 19. Qg5 Bxb5 20. axb5 Ne7 21. Bb2 Rac8 22. Na3 Qf5 23. Qg3 h5 24. h3 Qe6 25. c4 Rxc4 26. Nxc4 Qxc4 27. Qe5 Qd5 28. Qxd5 Nxd5 29. Rc1 Rd8 30. g4 hxg4 31. hxg4 Kf8 32. Kg2 Ke7 33. Kg3 Kd7 34. f3 exf3 35. e4 Nc7 36. Kxf3 Nxb5 37. d5 Rc8 38. Rh1 Rc2 39. Bf6 Rc7 40. Rh8 Kd6 41. Rd8+ Kc5 42. e5 a5 43. d6 Rb7 44. d7 Kc6 45. Rf8 Rxd7 46. Ke4 Nd4 47. Rc8+ Kb7 48. Rc4 Ne6 49. Rc1 b5 50. Kf3 Kb6 51. Rc8 a4 52. Rb8+ Rb7 53. Rc8 a3 54. Ra8 Ra7 55. Rb8+ Ka5 56. Rc8 a2 57. Rc1 Kb4 58. Ke4 Kb3 59. Be7 a1=Q 60. Rxa1 Rxa1 61. Kd5 Rc1 62. Kd6 b4 63. Kd7 Ka4 64. Ke8 Rf1 65. Bf6 b3 66. Kxf7 Nc5 0-1


[Site "https://www.chess.com"]

[Event "Titled Tuesday Blitz May 30 Early 2023"]
[White "Ladan, Nicholas"]
[Black "Rodrigues Mota, Romulo Cardoso S"]
[WhiteFideId "30918855"]
[BlackFideId "2187442"]
[WhiteElo "2167"]
[BlackElo "1936"]
[Result "1-0"]
[Round "08"]
[TimeControl "180+2"]
[Date "2023.05.30"]
[WhiteClock "0:01:56"]
[BlackClock "0:01:26"]

1. e3 d5 2. Nc3 c5 3. d4 Nf6 4. dxc5 e5 5. b4 a5 6. Bb5+ Bd7 7. Ba3 Bxb5 8. Nxb5 axb4 9. Bxb4 Nc6 10. a3 Ra5 11. Nc3 d4 12. exd4 exd4 13. Nce2 Rb5 14. Qd3 Rxb4 15. axb4 Nxb4 16. Qb5+ Nc6 17. Qxb7 1-0


[Site "https://www.chess.com"]

[Event "Titled Tuesday Blitz May 30 Early 2023"]
[White "Martin Alvarez, Inigo"]
[Black "Karas, Marek"]
[WhiteFideId "2259354"]
[BlackFideId "14928558"]
[WhiteElo "2375"]
[BlackElo "2233"]
[Result "1-0"]
[Round "08"]
[TimeControl "180+2"]
[Date "2023.05.30"]
[WhiteClock "0:00:15"]
[BlackClock "0:00:00"]

1. e4 g6 2. Nc3 Bg7 3. d3 d6 4. g3 c5 5. Bg2 Nc6 6. Nf3 Nf6 7. O-O O-O 8. Bd2 Bg4 9. Qc1 Nd4 10. Nxd4 cxd4 11. Nd1 Be2 12. Re1 Bxd1 13. Qxd1 Rc8 14. h3 Qc7 15. Rc1 Nd7 16. Bg5 Rfe8 17. Qd2 Qb6 18. b3 Nc5 19. Bh6 Bxh6 20. Qxh6 Qa5 21. a4 Ne6 22. f4 Qh5 23. Qxh5 gxh5 24. f5 Ng5 25. h4 h6 26. hxg5 hxg5 27. Bf3 g4 28. Bd1 Kg7 29. Kf2 Rh8 30. Rh1 Rh6 31. Rh4 e6 32. fxe6 fxe6 33. Ke2 Rf8 34. Kd2 Rf2+ 35. Be2 Rg2 36. Rch1 Rxg3 37. Rxh5 Rxh5 38. Rxh5 Kg6 39. Rh8 Rg1 40. Re8 Kf7 41. Rb8 g3 42. Rxb7+ Kf6 43. Rb8 Kg7 44. Rb5 Kg6 45. Bh5+ Kf6 46. Ke2 e5 47. Kf3 Kg5 48. Be8 Kh4 49. Rb7 Rf1+ 50. Ke2 Rf2+ 51. Ke1 Rf8 52. Rh7+ Kg4 53. Bd7+ Kf3 54. Rh5 Ke3 55. Rh3 Rg8 56. Bf5 Kf4 57. Kf1 Ke3 58. Kg2 Kf4 59. Be6 a5 60. Bxg8 1-0


[Site "https://www.chess.com"]

[Event "Titled Tuesday Blitz May 30 Early 2023"]
[White "Korpics, Zsolt"]
[Black "Yurasova, Daria"]
[WhiteFideId "705241"]
[BlackFideId "34146919"]
[WhiteElo "2358"]
[BlackElo "2109"]
[Result "1-0"]
[Round "08"]
[TimeControl "180+2"]
[Date "2023.05.30"]
[WhiteClock "0:00:15"]
[BlackClock "0:00:02"]

1. e4 e5 2. Nf3 Nc6 3. d4 exd4 4. Bb5 Nge7 5. O-O g6 6. Nxd4 Bg7 7. Be3 O-O 8. f4 a6 9. Ba4 d5 10. Nxc6 bxc6 11. e5 h5 12. Bc5 Bd7 13. Nd2 Re8 14. Nf3 Nf5 15. Qe2 Bf8 16. Qf2 Qb8 17. Bxf8 Rxf8 18. c4 dxc4 19. Rfd1 Be6 20. Bxc6 Ra7 21. Ng5 Qb6 22. Ne4 Qxc6 23. Nf6+ Kg7 24. Qxa7 Ra8 25. Qf2 Rb8 26. Rac1 a5 27. Qd2 Qc5+ 28. Kh1 h4 29. Ne4 Qc6 30. Ng5 Bc8 31. b3 Bb7 32. Rxc4 Qb6 33. e6 f6 34. Qd7+ Kg8 35. Qf7+ Kh8 36. Qh7# 1-0


[Site "https://www.chess.com"]

[Event "Titled Tuesday Blitz May 30 Early 2023"]
[White "Goffredo_Fofi"]
[Black "Kaganskiy, Gleb"]
[BlackFideId "4132025"]
[WhiteElo "2491"]
[BlackElo "2165"]
[Result "1-0"]
[Round "08"]
[TimeControl "180+2"]
[Date "2023.05.30"]
[WhiteClock "0:00:19"]
[BlackClock "0:00:47"]

1. d4 Nf6 2. Nf3 b6 3. c4 Bb7 4. g3 g6 5. Bg2 Bg7 6. d5 e6 7. Nc3 O-O 8. O-O exd5 9. cxd5 Re8 10. Nd4 c5 11. dxc6 dxc6 12. Ndb5 Bf8 13. Qxd8 Rxd8 14. Nc7 Nbd7 15. Nxa8 Bxa8 16. Bf4 c5 17. Rfd1 Bxg2 18. Kxg2 Re8 19. Rd2 Bg7 20. Rad1 Ne5 21. Rd8 Nc4 22. Rxe8+ Nxe8 23. Rd8 Kf8 24. b3 Ke7 25. Ra8 Bxc3 26. Rxa7+ Ke6 27. bxc4 f6 28. Rxh7 g5 29. Be3 Nd6 30. h4 gxh4 31. gxh4 Nxc4 32. Bc1 Nd6 33. Rc7 Kd5 34. h5 f5 35. h6 b5 36. h7 b4 37. Bh6 c4 38. Bg7 Bxg7 39. Rxg7 1-0


[Site "https://www.chess.com"]

[Event "Titled Tuesday Blitz May 30 Early 2023"]
[White "Janaszak, Dawid"]
[Black "Fajdetic, Hrvoje"]
[WhiteFideId "1119206"]
[BlackFideId "14501945"]
[WhiteElo "2220"]
[BlackElo "2185"]
[Result "1-0"]
[Round "08"]
[TimeControl "180+2"]
[Date "2023.05.30"]
[WhiteClock "0:00:56"]
[BlackClock "0:00:02"]

1. e4 e6 2. f4 d5 3. e5 Nh6 4. Nf3 c5 5. c3 Nc6 6. Na3 f6 7. Bb5 Bd7 8. O-O Be7 9. exf6 Bxf6 10. Bxc6 bxc6 11. Nc2 O-O 12. d4 cxd4 13. cxd4 Rb8 14. Kh1 c5 15. b3 cxd4 16. Ncxd4 Qb6 17. Be3 Qa6 18. h3 Rbc8 19. Re1 Rc3 20. Bf2 Rfc8 21. Qd2 Rd3 22. Qe2 Rcc3 23. Ne5 Bxe5 24. Qxe5 Rd2 25. Be3 Rdd3 26. f5 Nxf5 27. Nxf5 exf5 28. Bd4 Qg6 29. Bxc3 f4 30. Rad1 Bxh3 31. Qe8+ Qxe8 32. Rxe8+ Kf7 33. Rxd3 Bf5 34. Rxd5 Be4 35. Rxe4 1-0


[Site "https://www.chess.com"]

[Event "Titled Tuesday Blitz May 30 Early 2023"]
[White "Rose, Felix"]
[Black "Sowul, Bartosz"]
[WhiteFideId "5105722"]
[BlackFideId "1137590"]
[WhiteElo "2039"]
[BlackElo "2188"]
[Result "0-1"]
[Round "08"]
[TimeControl "180+2"]
[Date "2023.05.30"]
[WhiteClock "0:00:00"]
[BlackClock "0:01:21"]

1. d4 Nf6 2. Nf3 c5 3. e3 e6 4. Bd3 b6 5. O-O Bb7 6. Nbd2 d5 7. c3 Nbd7 8. Re1 Ne4 9. dxc5 Bxc5 10. Qc2 Ndf6 11. Nb3 Bd6 12. Bb5+ Kf8 13. Nfd4 Rc8 14. f3 Nc5 15. Qe2 Qc7 16. Nxc5 bxc5 17. Nb3 Bxh2+ 18. Kh1 Bg3 19. Rd1 h5 20. Ba6 Bxa6 21. Qxa6 h4 22. e4 h3 23. exd5 Nxd5 24. c4 Nb4 25. Qa5 hxg2+ 26. Kxg2 Qe5 0-1


[Site "https://www.chess.com"]

[Event "Titled Tuesday Blitz May 30 Early 2023"]
[White "Bashkansky, Ethan"]
[Black "Ljukin, Sergei"]
[WhiteFideId "2071533"]
[BlackFideId "14102200"]
[WhiteElo "2330"]
[BlackElo "2312"]
[Result "1/2-1/2"]
[Round "08"]
[TimeControl "180+2"]
[Date "2023.05.30"]
[WhiteClock "0:02:51"]
[BlackClock "0:01:48"]

1. d4 d5 2. c4 c6 3. Nc3 Nf6 4. e3 e6 5. Nf3 Nbd7 6. Bd3 dxc4 7. Bxc4 b5 8. Be2 a6 9. e4 c5 10. e5 cxd4 11. Qxd4 Bc5 12. Qh4 Nd5 13. Qg3 Kf8 14. O-O Nxc3 15. bxc3 Bb7 16. a4 1/2-1/2


[Site "https://www.chess.com"]

[Event "Titled Tuesday Blitz May 30 Early 2023"]
[White "Vaglio Munoz, Jaime"]
[Black "Sharan, Rao"]
[WhiteFideId "6500145"]
[BlackFideId "5073464"]
[WhiteElo "2199"]
[BlackElo "2231"]
[Result "0-1"]
[Round "08"]
[TimeControl "180+2"]
[Date "2023.05.30"]
[WhiteClock "0:01:10"]
[BlackClock "0:00:06"]

1. Nf3 d5 2. c4 e6 3. b3 Nf6 4. Bb2 c5 5. cxd5 Nxd5 6. g3 Nc6 7. Bg2 Qc7 8. Nc3 Nf6 9. Nb5 Qb6 10. Na3 Be7 11. Nc4 Qc7 12. Rc1 O-O 13. O-O Bd7 14. d4 cxd4 15. Nxd4 a6 16. Nxc6 Bxc6 17. Ne5 Rfd8 18. Qc2 Rac8 19. Nxc6 bxc6 20. Qxc6 Qxc6 21. Rxc6 Rxc6 22. Bxc6 Rd2 23. Rb1 Rxe2 24. Bf3 Rd2 25. b4 h6 26. a4 Rd3 27. Kg2 Nd5 28. b5 axb5 29. axb5 Rb3 30. Be2 Bf6 31. Ra1 Rxb2 32. Ra8+ Kh7 33. Bd3+ g6 34. h4 Bd4 35. h5 Rxf2+ 36. Kh3 Kg7 37. hxg6 fxg6 38. Rd8 Rb2 39. g4 Rb3 40. Rd7+ Kf6 41. g5+ hxg5 42. Kg4 Rxd3 43. b6 Ne3+ 44. Kf3 Nf5+ 45. Ke4 Re3# 0-1


[Site "https://www.chess.com"]

[Event "Titled Tuesday Blitz May 30 Early 2023"]
[White "rikchessmx"]
[Black "Zheenbekov, Nurgazy"]
[BlackFideId "13800485"]
[WhiteElo "2316"]
[BlackElo "1975"]
[Result "1-0"]
[Round "08"]
[TimeControl "180+2"]
[Date "2023.05.30"]
[WhiteClock "0:00:04"]
[BlackClock "0:00:00"]

1. e4 e5 2. Nf3 Nc6 3. Bb5 a6 4. Ba4 Nf6 5. O-O Be7 6. Re1 b5 7. Bb3 d6 8. h3 O-O 9. c3 Nb8 10. d4 Nbd7 11. Nbd2 Bb7 12. Qe2 c5 13. a4 c4 14. Bc2 Re8 15. b3 cxb3 16. Bxb3 Bf8 17. Bb2 h6 18. axb5 axb5 19. Rxa8 Qxa8 20. Qxb5 Bc6 21. Qc4 d5 22. exd5 Bxd5 23. Qb5 Rb8 24. Bxd5 Nxd5 25. Qxd7 Nf6 26. Qc7 e4 27. Ne5 Rb7 28. Qc4 Rxb2 29. Qxf7+ Kh7 30. Qg6+ Kh8 31. Nf7+ Kg8 32. Nxh6+ Kh8 33. Nxe4 Nxe4 34. Nf7+ Kg8 35. Rxe4 Qb8 36. Ne5 Rb1+ 37. Kh2 Rb6 38. Qf7+ Kh7 39. Rh4+ Rh6 40. Qg6+ Kg8 41. Rxh6 Bd6 42. Qh7+ 1-0


[Site "https://www.chess.com"]

[Event "Titled Tuesday Blitz May 30 Early 2023"]
[White "Jiganchine, Roman"]
[Black "Santos Flores, Alberto"]
[WhiteFideId "2603667"]
[BlackFideId "3601234"]
[WhiteElo "2313"]
[BlackElo "2235"]
[Result "0-1"]
[Round "08"]
[TimeControl "180+2"]
[Date "2023.05.30"]
[WhiteClock "0:00:21"]
[BlackClock "0:01:58"]

1. e4 c5 2. Nf3 Nc6 3. Bb5 g6 4. O-O Bg7 5. Re1 Nf6 6. e5 Nd5 7. Nc3 Nc7 8. Bxc6 dxc6 9. d3 O-O 10. h3 Ne6 11. Be3 Nd4 12. Bf4 b6 13. a4 Be6 14. Ne4 Bd5 15. Nxd4 Bxe4 16. Rxe4 cxd4 17. e6 f5 18. Re2 Qd5 19. Qd2 c5 20. b3 Rac8 21. Bg5 Bf6 22. Bh6 Bg7 23. Bxg7 Kxg7 24. Rae1 Rf6 25. h4 Rc6 26. h5 Rcxe6 27. h6+ Kf7 28. a5 Rxe2 29. Rxe2 Re6 30. Rxe6 Qxe6 31. Qf4 Qe1+ 32. Kh2 e5 33. Qh4 Qd2 34. a6 Qf4+ 35. Qxf4 exf4 36. Kh3 g5 37. g4 fxg3 38. Kxg3 Kg6 39. f4 g4 40. Kh4 Kxh6 41. Kg3 Kg6 42. Kh4 Kf6 43. Kg3 Ke6 44. Kh4 h6 45. Kg3 Kd6 46. Kh4 Kc6 0-1


[Site "https://www.chess.com"]

[Event "Titled Tuesday Blitz May 30 Early 2023"]
[White "Heinemann, Josefine"]
[Black "Zaksaite, Salomeja"]
[WhiteFideId "12900460"]
[BlackFideId "12801496"]
[WhiteElo "2342"]
[BlackElo "2059"]
[Result "1-0"]
[Round "08"]
[TimeControl "180+2"]
[Date "2023.05.30"]
[WhiteClock "0:01:02"]
[BlackClock "0:00:00"]

1. e4 c5 2. Nf3 Nc6 3. d4 cxd4 4. Nxd4 Nf6 5. Nc3 e5 6. Ndb5 d6 7. Nd5 Nxd5 8. exd5 Nb8 9. Qf3 a6 10. Qa3 Be7 11. Bd2 O-O 12. Bb4 axb5 13. Qxa8 Na6 14. Bd2 Qb6 15. Be3 Qa5+ 16. c3 b4 17. Bxa6 bxc3 18. O-O cxb2 19. Bxb7 Qxa8 20. Bxa8 bxa1=Q 21. Rxa1 f5 22. Bc6 f4 23. Bb6 e4 24. a4 Bf6 25. Re1 Ba6 26. Rxe4 Rb8 27. a5 Bc3 28. h3 Be5 29. g3 fxg3 30. f4 Bc3 31. Kg2 Bb4 32. Rxb4 1-0


[Site "https://www.chess.com"]

[Event "Titled Tuesday Blitz May 30 Early 2023"]
[White "Cupid, Kevin"]
[Black "Dudzinski, Pawel"]
[WhiteFideId "7700512"]
[BlackFideId "1117890"]
[WhiteElo "2124"]
[BlackElo "2099"]
[Result "0-1"]
[Round "08"]
[TimeControl "180+2"]
[Date "2023.05.30"]
[WhiteClock "0:00:00"]
[BlackClock "0:02:02"]

1. d4 d5 2. c4 c6 3. Nc3 e6 4. Nf3 f5 5. cxd5 cxd5 6. Bg5 Nf6 7. g4 Be7 8. gxf5 exf5 9. Qb3 Nc6 10. e3 Ne4 11. h4 Nxc3 12. bxc3 O-O 13. Bb5 Be6 14. Bxc6 bxc6 15. Ne5 Bxg5 16. hxg5 Qxg5 17. Ke2 f4 18. Rag1 f3+ 19. Kd2 Qf6 0-1


[Site "https://www.chess.com"]

[Event "Titled Tuesday Blitz May 30 Early 2023"]
[White "Pg, Mohd Omar Ak Hira"]
[Black "Koutlas, Nikolaos"]
[WhiteFideId "10500103"]
[BlackFideId "25827138"]
[WhiteElo "2167"]
[BlackElo "2215"]
[Result "1-0"]
[Round "08"]
[TimeControl "180+2"]
[Date "2023.05.30"]
[WhiteClock "0:00:03"]
[BlackClock "0:00:34"]

1. e4 e6 2. d4 d5 3. Nd2 c5 4. dxc5 Nc6 5. Nb3 Nf6 6. exd5 exd5 7. Nf3 Bg4 8. Be2 Bxc5 9. Nxc5 Qa5+ 10. Bd2 Qxc5 11. O-O O-O 12. h3 Bh5 13. Be3 Qb4 14. Rb1 Rfe8 15. a3 Qa4 16. Nd4 Nxd4 17. Bxh5 Nxc2 18. Be2 Qc6 19. Bf4 Nd4 20. Bd3 Re2 21. Bxe2 Nxe2+ 22. Qxe2 Re8 23. Qd3 Ne4 24. Be3 Qg6 25. Qd1 h5 26. Qf3 Re5 27. Rbc1 Rf5 28. Rc8+ Kh7 29. Qe2 Qe6 30. Rc7 Qe5 31. Rxb7 Rf6 32. Qd3 Rg6 33. Rd7 Nf6 34. Bd4 Qe6 35. Bxf6 Qxd7 36. Bc3 Kg8 37. Rd1 Rg5 38. Bd2 Rg6 39. Bf4 h4 40. Qf3 d4 41. Be3 Rd6 42. Bf4 Rd5 43. Qe2 d3 44. Qd2 Qf5 45. Be3 Qe4 46. Qb4 Qg6 47. Qxh4 Qc6 48. Qe4 Qd7 49. Qc4 Qf5 50. b4 Rd7 51. a4 Rd8 52. b5 Rd7 53. a5 Rd8 54. b6 axb6 55. axb6 Rd7 56. Qc8+ Kh7 57. b7 Qh5 58. Rd2 Qe2 59. b8=Q Qe1+ 60. Kh2 Rd5 61. Qh8+ Kg6 62. Qb6+ f6 63. Qe8+ Kh7 64. Qbe6 Rb5 65. Q8g8+ Kg6 66. Qef7+ Kf5 67. Qe6+ Kg6 68. Qgf7+ Kh7 69. Qe4+ f5 70. Qh4# 1-0


[Site "https://www.chess.com"]

[Event "Titled Tuesday Blitz May 30 Early 2023"]
[White "Samaganova, Aleksandra"]
[Black "Fishchuk, Vladyslav"]
[WhiteFideId "13800221"]
[BlackFideId "34122117"]
[WhiteElo "1858"]
[BlackElo "2082"]
[Result "0-1"]
[Round "08"]
[TimeControl "180+2"]
[Date "2023.05.30"]
[WhiteClock "0:00:03"]
[BlackClock "0:00:07"]

1. c4 Nf6 2. Nc3 c5 3. Nf3 Nc6 4. e3 g6 5. d4 cxd4 6. exd4 d5 7. cxd5 Nxd5 8. Bc4 Be6 9. Bb5 a6 10. Bxc6+ bxc6 11. O-O Bg7 12. Re1 O-O 13. h3 Rb8 14. Qa4 Qb6 15. Ne4 Rfe8 16. Nc5 Bc8 17. Qc4 Qb5 18. Qc2 Bf5 19. Qe2 Nb4 20. g4 Bc8 21. a3 Nd5 22. Qxb5 axb5 23. b4 h5 24. gxh5 gxh5 25. Kh2 f6 26. Rg1 Kf7 27. Bb2 Nf4 28. Rae1 Nxh3 29. Rg2 Nf4 30. Rgg1 Bg4 31. Nd2 Bh6 32. Nde4 Nd5 33. Ng3 Bf4 34. Nd3 Bd6 35. Kg2 Rf8 36. Ne4 Bc7 37. f3 Bf5 38. Kf2 Rh8 39. Ndc5 h4 40. Rh1 h3 41. Reg1 Rbg8 42. Bc1 Rxg1 43. Kxg1 Rg8+ 44. Kf2 Rg2+ 45. Ke1 h2 46. Kf1 Bh3 47. Ke1 Rg1+ 48. Kd2 Rxh1 49. Nf2 Rg1 50. Bb2 Rg2 51. Ne4 h1=Q 52. Kd3 Rxf2 53. Nxf2 Qf1+ 54. Ke4 f5# 0-1


[Site "https://www.chess.com"]